 Dungeon Crawl Stone Soup version 0.19.1-28-ge1247f7 (webtiles) character file.

172 TryAgain the Sneak (level 5, -1/35 HPs)
             Began as a Vampire Ice Elementalist on Jan 21, 2017.
             Slain by a gnoll
             ... wielding a +0 club
              (9 damage)
             ... on level 3 of the Dungeon.
             The game lasted 00:13:28 (3116 turns).

TryAgain the Sneak (Vampire Ice Elementalist)       Turns: 3116, Time: 00:13:29

Health: -1/35      AC:  2    Str:  7    XL:     5   Next: 27%
Magic:  0/9        EV: 14    Int: 18    God:
Gold:   205        SH:  0    Dex: 15    Spells: 3 memorised, 4 levels left

rFire  . . .     SeeInvis +     f - +0 halberd
rCold  + . .     Gourm    .     a - +0 robe
rNeg   + + .     Faith    .     (shield currently unavailable)
rPois  +         Spirit   .     (no helmet)
rElec  .         Reflect  .     (no cloak)
rCorr  .         Harm     .     (no gloves)
MR     .....                    (no boots)
Stlth  ++++......               (no amulet)
                                (no ring)
                                (no ring)

@: very slightly contaminated, regenerating slowly, hasted, very quick
A: fangs 3, see invisible, unbreathing
a: Bat Form


You were on level 3 of the Dungeon.
You were thirsty.

You visited 1 branch of the dungeon, and saw 4 of its levels.

You collected 205 gold pieces.

Inventory:

Hand Weapons
 e - a +0 short sword
 f - a +0 halberd (weapon)
Missiles
 i - 39 poisoned needles
Armour
 a - a +0 robe (worn)
Scrolls
 d - a scroll of identify
Potions
 g - 2 potions of curing
Books
 b - a book of Frost

   Spells                             Type                      Level
   a - Freeze                         Ice                          1
   b - Throw Frost                    Conjuration/Ice              2
   c - Ozocubu's Armour               Charms/Ice                   3
   d - Throw Icicle                   Conjuration/Ice              4
   e - Summon Ice Beast               Ice/Summoning                4


   Skills:
 + Level 3.4 Dodging
 + Level 4.0 Stealth
 + Level 3.0 Spellcasting
 - Level 0.6 Conjurations
 + Level 1.9 Charms
 + Level 3.9 Ice Magic


You had 4 spell levels left.
You knew the following spells:

 Your Spells              Type           Power        Failure   Level  Hunger
a - Freeze                Ice            ###.         3%          1    None
b - Ozocubu's Armour      Chrm/Ice       ##......     17%         3    ###....
c - Throw Frost           Conj/Ice       ##....       12%         2    ##.....


Dungeon Overview and Level Annotations

Branches:
Dungeon (4/15)
 Temple: D:4-7

Altars:
Dithmenos
Elyvilon
Yredelemnul


Innate Abilities, Weirdness & Mutations

You heal slowly.
You have razor-sharp teeth.
You have supernaturally acute eyesight. (SInv)
You can survive without breathing.


Message History

You closely miss the gnoll.
The gnoll is heavily wounded.
The gnoll misses you.
You hit the gnoll but do no damage.
The gnoll is heavily wounded.
The gnoll barely misses you.
You closely miss the gnoll.
The gnoll is heavily wounded.
You are feeling thirsty.
The gnoll completely misses you.
You barely miss the gnoll.
The gnoll is heavily wounded.
The gnoll hits you but does no damage.
You barely miss the gnoll.
The gnoll is heavily wounded.
The gnoll barely misses you.
You barely miss the gnoll.
The gnoll is heavily wounded.
The gnoll hits you with a club!
You die...

#.....#.###.## #.#
.............# #.#
........#....# #.#
........#.##.###.#
#.....#........#.##
##....#....#####..#
##.#.#....#,#,#..#
###.#.#....#+#'#P.##
#.....#....#...g@..##
#.###.....##...#P...#
..# #.....##..,#..#.#
#.###....####**#..#.#
......#.## ####.#
###.###.# #.#
#...##.# #.# #.,###.#
#.# #.** #.# #.######


You could see a gnoll.

Vanquished Creatures
  2 hounds (D:3)
  A gnoll (D:1)
  3 adders (D:2)
  4 dart slugs
  6 orcs (D:3)
  2 ball pythons
  A giant cockroach (D:2)
  6 goblins
  8 hobgoblins
  6 jackals (D:2)
  8 kobolds
  6 bats
  5 frilled lizards
  4 rats
62 creatures vanquished.

Notes
Turn   | Place    | Note
-------+----------+-------------------------------------------
     0 | D:1      | TryAgain the Vampire Ice Elementalist began the quest for the Orb.
     0 | D:1      | Reached XP level 1. HP: 13/13 MP: 3/3
   336 | D:1      | Reached XP level 2. HP: 19/19 MP: 3/5
   808 | D:1      | Reached XP level 3. HP: 15/24 MP: 0/6
  1180 | D:1      | Learned a level 3 spell: Ozocubu's Armour
  1357 | D:2      | Found a shadowy altar of Dithmenos.
  1490 | D:2      | Reached skill level 1 in Charms
  1584 | D:2      | Reached XP level 4. HP: 28/30 MP: 1/7
  1874 | D:2      | Found a basalt altar of Yredelemnul.
  2166 | D:2      | Found a white marble altar of Elyvilon.
  2920 | D:3      | Noticed an ogre
  2925 | D:3      | Learned a level 2 spell: Throw Frost
  2957 | D:4      | Noticed an ogre
  3093 | D:3      | Reached XP level 5. HP: 35/35 MP: 0/9
  3109 | D:3      | Reached skill level 4 in Stealth
  3116 | D:3      | Slain by a gnoll

Skill      XL: |  1  2  3  4  5 |
---------------+----------------+-----
Charms         | 1 |  1.9
Dodging        | 3 |  3.4
Spellcasting   | 3 |  3.0
Stealth        | 4 |  4.0
Conjurations   | |  0.6
Ice Magic      | |  3.9

Action                   |  1- 3 |  4- 6 || total
-------------------------+-------+-------++-------
Melee: Unarmed           |    11 |       ||    11
       Short sword       |     1 |       ||     1
       Halberd           |    20 |    44 ||    64
       Bite              |     2 |     1 ||     3
 Cast: Freeze            |    54 |    19 ||    73
       Throw Frost       |       |     6 ||     6
  Use: Scroll            |       |     5 ||     5
       Potion            |       |     1 ||     1
 Stab: Sleeping          |     6 |     7 ||    13
  Eat: Corpse            |     2 |     5 ||     7
Armor: Robe              |    13 |     3 ||    16
Dodge: Dodged            |    46 |    32 ||    78
